 Dungeon Crawl Stone Soup version 0.18.1-5-g4a78601 (webtiles) character file.

726 oplop the Changer (level 7, -5/46 HPs)
             Began as an Octopode Transmuter on May 13, 2016.
             Was a Follower of Cheibriados.
             Slain by a wyvern zombie (9 damage)
             ... on level 6 of the Dungeon.
             The game lasted 00:09:51 (4851 turns).

oplop the Changer (Octopode Transmuter)             Turns: 4851, Time: 00:09:52

Health: -5/46      AC:  2    Str: 12    XL:     7   Next: 72%
Magic:  5/12       EV: 20    Int: 21    God:    Cheibriados [*.....]
Gold:   191        SH:  0    Dex: 20    Spells: 4 memorised, 3 levels left

rFire  . . .     SeeInvis .       - Unarmed
rCold  + . .     Gourm    .     (shield currently unavailable)
rNeg   . . .     Faith    .     (helmet currently unavailable)
rPois  x         Spirit   .     (no amulet)
rElec  .         Dismiss  .     e - ring of protection from cold
rCorr  .         Reflect  .     (no ring)
SustAt .         Harm     .     (no ring)
MR     +....                    (no ring)
Stlth  ++........               (no ring)
                                (no ring)
                                (no ring)
                                (no ring)

@: spider-form (expiring), very slow, somewhat resistant to hostile
enchantments, unstealthy
A: almost no armour, (amphibious), 8 rings, (constrict 8), (camouflage 0), magic
resistance 1, (gelatinous body 0)
a: End Transformation, Bend Time, Renounce Religion


You were on level 6 of the Dungeon.
You worshipped Cheibriados.
Cheibriados was aware of your devotion.
You were not hungry.
You were a venomous arachnid creature.
You visited 1 branch of the dungeon, and saw 6 of its levels.

You collected 191 gold pieces.

Inventory:

Missiles
 a - 67 arrows
Jewellery
 e - a ring of protection from cold (left front leg)
Wands
 i - a wand of digging (10/24)
Scrolls
 g - 4 scrolls of identify
 m - 2 scrolls of fog
 n - 2 scrolls of random uselessness
 p - 2 scrolls of magic mapping {unknown}
 q - a scroll of remove curse {unknown}
 s - 2 scrolls of recharging {unknown}
 t - a scroll of immolation {unknown}
 v - 2 scrolls of amnesia {unknown}
Potions
 d - a potion of cure mutation
 f - 3 potions of flight
 j - a potion of agility {unknown}
 k - 2 potions of mutation {unknown}
 l - 2 potions of berserk rage {unknown}
 o - 3 potions of curing {unknown}
 r - 2 potions of beneficial mutation
 w - a potion of brilliance {unknown}
Books
 b - a book of Changes

   Spells                             Type                      Level
   a - Beastly Appendage              Transmutation                1
   b - Sticks to Snakes               Transmutation                2
   c - Spider Form                    Transmutation/Poison         3
   d - Ice Form                       Ice/Transmutation            4
   e - Blade Hands                    Transmutation                5
Comestibles
 c - 3 bread rations
 h - 2 fruits


   Skills:
 - Level 3.5 Fighting
 - Level 2.0 Dodging
 - Level 3.3 Unarmed Combat
 + Level 3.9 Spellcasting
 * Level 5.3 Transmutations
 * Level 2.0 Ice Magic
 + Level 2.6 Invocations


You had 3 spell levels left.
You knew the following spells:

 Your Spells              Type           Power        Failure   Level  Hunger
a - Beastly Appendage     Trmt           ####..       6%          1    None
b - Sticks to Snakes      Trmt           ####....     8%          2    #......
c - Spider Form           Trmt/Pois      ###.......   32%         3    ###....
d - Ice Form              Ice/Trmt       ###.....     50%         4    ####...


Dungeon Overview and Level Annotations

Branches:
Dungeon (6/15)             Temple (0/1) D:4

Altars:
Cheibriados
Gozag
Kikubaaqudgha
Okawaru
Qazlal
Trog
Xom
Zin

Annotations:
D:2 Natasha, Sigmund
D:6 exclusions: orc priest and orc warrior


Innate Abilities, Weirdness & Mutations

You cannot wear most types of armour.
((You are amphibious.))
You can wear up to eight rings at the same time.
((You can use your tentacles to constrict eight enemies at once.))
((Your skin changes colour to match your surroundings (Stealth).))
((Your rubbery body absorbs attacks (AC +1).))
You are resistant to hostile enchantments.


Message History

Cheibriados appreciates the change of pace.
Your adder looks stronger.
Unknown command.
You hit the wyvern zombie but do no damage.
You kill the giant gecko!
Cheibriados thoroughly appreciates the change of pace.
Your ball python bites the wyvern zombie.
The wyvern zombie bites you.
Your ball python barely misses the wyvern zombie.
You hit the wyvern zombie. The wyvern zombie bites you!
* * * LOW HITPOINT WARNING * * *
Your ball python completely misses the wyvern zombie.
Your ball python bites the wyvern zombie but does no damage.
You hit the wyvern zombie.
The wyvern zombie bites you but does no damage.
Your adder completely misses the wyvern zombie.
Your ball python barely misses the wyvern zombie.
Your ball python bites the wyvern zombie.
You hit the wyvern zombie. The wyvern zombie bites you!
You die...

########
#......#
#......######
#.......%....
#.........#
#....S)...#
#..†sZ...#
#...SS...#
#........#
#........#
#........#
#........#
#........#
#........#


You could see a wyvern zombie, a friendly adder and 2 friendly ball pythons.

Vanquished Creatures
  An orc warrior (D:5)
  An ogre (D:4)
  A centaur (D:5)
  A giant frog (D:4)
  A centaur skeleton (D:4)
  2 hounds (D:4)
  An orc wizard (D:6)
  Terence (D:2)
  2 worker ants (D:5)
  A hound skeleton (D:5)
  4 adders
  2 shadow imps (D:5)
  2 worms (D:3)
  2 dart slugs
  4 giant geckos
  10 orcs
  4 giant cockroaches
  6 goblins
  12 hobgoblins
  2 jackals (D:5)
  3 ball pythons
  6 bats
  4 giant newts
  A jackal skeleton (D:4)
  3 kobolds
  6 rats
83 creatures vanquished.

Vanquished Creatures (collateral kills)
  A giant frog (D:5)
  A centaur skeleton (D:4)
  A giant frog skeleton (D:6)
  3 jackals
6 creatures vanquished.

Grand Total: 89 creatures vanquished

Notes
Turn   | Place    | Note
--------------------------------------------------------------
     0 | D:1      | oplop the Octopode Transmuter began the quest for the Orb.
     0 | D:1      | Reached XP level 1. HP: 13/13 MP: 3/3
   130 | D:1      | Reached XP level 2. HP: 5/18 MP: 3/5
   771 | D:1      | Reached XP level 3. HP: 18/23 MP: 4/6
  1033 | D:2      | Noticed Terence
  1071 | D:2      | Noticed Sigmund
  1122 | D:2      | Found a bloodstained altar of Trog.
  1134 | D:2      | Killed Terence
  1134 | D:2      | Reached skill level 3 in Transmutations
  1366 | D:2      | Reached XP level 4. HP: 21/29 MP: 8/8
  1367 | D:2      | Noticed Natasha
  1470 | D:3      | Found an ancient bone altar of Kikubaaqudgha.
  1501 | D:3      | Found a stormy altar of Qazlal.
  1565 | D:3      | Found an iron altar of Okawaru.
  2186 | D:3      | Found an opulent altar of Gozag.
  2304 | D:3      | Gained mutation: You are resistant to hostile enchantments. [potion of beneficial mutation]
  2344 | D:3      | Learned a level 2 spell: Sticks to Snakes
  2528 | D:3      | Found a snail-covered altar of Cheibriados.
  2539 | D:3      | Became a worshipper of Cheibriados the Contemplative
  2559 | D:3      | Learned a level 3 spell: Spider Form
  2689 | D:4      | Found a glowing silver altar of Zin.
  2689 | D:4      | Noticed an ogre
  2697 | D:4      | Killed an ogre
  2697 | D:4      | Reached skill level 1 in Invocations
  2697 | D:4      | Reached XP level 5. HP: 24/36 MP: 5/9
  2832 | D:4      | Found a staircase to the Ecumenical Temple.
  2976 | D:4      | Reached skill level 4 in Transmutations
  2985 | D:4      | Reached XP level 6. HP: 19/42 MP: 4/10
  3486 | D:5      | Entered Level 5 of the Dungeon
  3693 | D:5      | Reached XP level 7. HP: 46/46 MP: 6/12
  4059 | D:5      | Learned a level 4 spell: Ice Form
  4077 | D:5      | Reached * piety under Cheibriados
  4218 | D:5      | Reached skill level 5 in Transmutations
  4218 | D:5      | Reached skill level 1 in Ice Magic
  4462 | D:6      | Found a shimmering altar of Xom.
  4851 | D:6      | Slain by a wyvern zombie

Skill      XL: |  1  2  3  4  5  6  7 |
---------------+----------------------+-----
Transmutations | 3 4 5 |  5.3
Fighting       | 3 |  3.5
Spellcasting   | 3 |  3.9
Invocations    | 1 2 |  2.6
Ice Magic      | 2 |  2.0
Dodging        | |  2.0
Unarmed Combat | |  3.3

Action                   |  1- 3 |  4- 6 |  7- 9 || total
-------------------------+-------+-------+-------++-------
Melee: Unarmed           |    68 |   146 |    51 ||   265
       Constrict         |    17 |    25 |     4 ||    46
       Tentacles         |     8 |    17 |     1 ||    26
       Kick              |     4 |    12 |     1 ||    17
       Punch             |     2 |       |     1 ||     3
 Cast: Beastly Appendage |     9 |    10 |     1 ||    20
       Spider Form       |       |     7 |     4 ||    11
       Sticks to Snakes  |       |     6 |     6 ||    12
  Use: Potion            |     2 |     3 |       ||     5
       Scroll            |       |     5 |       ||     5
 Stab: Sleeping          |     2 |     3 |     1 ||     6
       Distracted        |       |     1 |     1 ||     2
  Eat: Chunk             |     1 |     3 |       ||     4
       Meat ration       |       |     1 |     1 ||     2
Armor: Skin              |     9 |    11 |    10 ||    30
Dodge: Dodged            |    52 |    80 |   110 ||   242
